 Dungeon Crawl Stone Soup version 0.31.0-11-ge490571c62 (webtiles) character file.

Game seed: 2468468007634548311

78 Bobbunny the Changeling (level 4, -1/30 HPs)
             Began as a Merfolk Shapeshifter on Jan 27, 2024.
             Was a Follower of Hepliaklqana.
             Slain by Ijyb
             ... wielding a +0 club
              (3 damage)
             ... on level 3 of the Dungeon.
             The game lasted 00:02:35 (1458 turns).

Bobbunny the Changeling (Merfolk Shapeshifter)      Turns: 1458, Time: 00:02:35

Health: -1/30      AC:  4    Str: 16    XL:     4   Next: 36%
Magic:  4/4        EV:  9    Int:  9    God:    Hepliaklqana [*.....]
Gold:   130        SH:  0    Dex: 13    Spells: 3/3 levels left

rFire   . .          .
                       - Unarmed
rCold   . . .        (no shield)
rNeg    + + .        p - +1 leather armour "Zegif" {Harm *Corrode rElec rN++ Regen+}
rPois   .            (helmet currently unavailable)
rElec   +            (cloak currently unavailable)
rCorr   .            (gloves currently unavailable)
SInv    .            (boots currently unavailable)
Will    .....        (no amulet)
Stlth   +            (no ring)
HPRegen 1.05/turn    (no ring)
MPRegen 0.09/turn

%: corrode self (3%), harm (+30% outgoing, +20% incoming)
@: beast-form, grasped by roots, constricted
A: beast (slay +2), reduced essence, (nimble swimmer 2), mertail
a: Begin Untransformation, Renounce Religion, Recall Ancestor, Ancestor Identity


You were on level 3 of the Dungeon.
You worshipped Hepliaklqana.
Hepliaklqana was aware of your devotion.
You were a hulking beast.
You visited 1 branch of the dungeon, and saw 3 of its levels.

You collected 130 gold pieces.

Inventory:

Missiles
 f - 2 javelins (quivered)
Armour
 a - a +0 animal skin
 e - a +0 helmet
 p - the +1 leather armour "Zegif" (worn) {Harm *Corrode rElec rN++ Regen+}
   (You found it on level 2 of the Dungeon)

   rElec:     It insulates you from electricity.
   rN++:      It greatly protects you from negative energy.
   Regen+:    It increases your rate of health regeneration.
   *Corrode:  It may corrode you when you take damage.
   Harm:      It increases damage dealt and taken.
Talismans
 c - a beast talisman
 d - a flux talisman
Wands
 r - a wand of paralysis (7)
Scrolls
 g - a scroll of identify {unknown}
 h - a scroll of revelation {unknown}
 l - a scroll of teleportation {unknown}
 m - a scroll of fog {unknown}
 n - a scroll of poison {unknown}
 o - a scroll of noise {unknown}
 q - a scroll of enchant armour {unknown}
Potions
 b - a potion of lignification
 i - 2 potions of mutation {unknown}
 j - a potion of might {unknown}
 k - a potion of experience {unknown}
 s - 2 potions of enlightenment {unknown}


   Skills:
 + Level 2.7 Fighting
 - Level 2.6 Dodging
 + Level 4.1 Unarmed Combat
 + Level 4.8 Shapeshifting


You had 3 spell levels left.
You didn't know any spells.
Your spell library contained the following spells:

 Spells                   Type           Power      Damage    Failure   Level
 Freeze                   Ice            0%         1d3       45%         1
 Frozen Ramparts          Ice            0%         1d1       83%         3
 Fugue of the Fallen      Necr           0%         N/A       83%         3
 Hailstorm                Conj/Ice       0%         3d5       83%         3
 Ozocubu's Armour         Ice            0%         N/A       83%         3
 Manifold Assault         Tloc           0%         N/A       99%         4


Dungeon Overview and Level Annotations

Branches:
Dungeon (3/15)

Altars:
Dithmenos
Hepliaklqana

Annotations:
D:3 Ijyb


Innate Abilities, Weirdness & Mutations

You are a hulking beast.
Your limbs bulge with bestial killing power. (Slay +2)
Your life essence is reduced to manifest your ancestor. (-10% HP)
((You are very nimble when in or above water. (Stealth+, EV+, Speed+++)))
Your lower body shifts to a powerful aquatic tail in water.


Message History

You hit Ijyb but do no damage. Ijyb closely misses you.
You completely miss Ijyb. You punch Ijyb, but do no damage.
Ijyb closely misses you.
You hit Ijyb.
Ijyb is lightly wounded.
Ijyb hits you but does no damage.
You hit Ijyb.
Ijyb is moderately wounded.
Ijyb barely misses you.
You hit Ijyb.
Ijyb is heavily wounded.
Ijyb hits you with a +0 club.
You hit Ijyb.
Ijyb is heavily wounded.
You hit Ijyb.
Ijyb is heavily wounded.
Ijyb hits you but does no damage.
You barely miss Ijyb.
Ijyb is heavily wounded.
Ijyb closely misses you.
You hit Ijyb but do no damage.
Ijyb is heavily wounded.
Ijyb zaps a wand.
The roots erupt in riotous growth!
The grasping roots grab you!
Ijyb is unaffected.
Sanele is unaffected.
The grasping roots constrict you.
You hit Ijyb but do no damage.
Ijyb is heavily wounded.
Ijyb hits you with a +0 club. The grasping roots constrict you.
You hit Ijyb.
Ijyb is severely wounded.
Ijyb hits you with a +0 club.
* * * LOW HITPOINT WARNING * * *
The grasping roots constrict you!
* * * LOW HITPOINT WARNING * * *
You hit Ijyb but do no damage.
Ijyb is severely wounded.
Ijyb hits you with a +0 club.
You die...

#..# #..# #.# #..#
#.# #..# #.# #..#
#.# #..# #.# ####..#
#.# ......# #g#
#####.# #h# #.# #R#
##.##########.#
#.............###
#..######........<..
#..# #.#########.
#..# #.# #..# #.#
#..# #.#


You could see the friendly Sanele the ancestor and Ijyb (ally target).

Vanquished Creatures
  An adder (D:3)
  2 ribbon worms (D:2)
  A dart slug (D:2)
  6 orcs
  3 endoplasms (D:1)
  3 giant cockroaches
  6 goblins
  7 hobgoblins
  6 kobolds
  A quokka (D:1)
  3 ball pythons
  6 bats
  2 rats (D:1)
47 creatures vanquished.

Vanquished Creatures (collateral kills)
  An orc (D:3)
1 creature vanquished.

Grand Total: 48 creatures vanquished

Notes
Turn   | Place    | Note
-------+----------+-------------------------------------------
     0 | D:1      | Bobbunny the Merfolk Shapeshifter began the quest for the
                  | Orb.
     0 | D:1      | Reached XP level 1. HP: 15/15 MP: 1/1
   245 | D:1      | Reached XP level 2. HP: 13/21 MP: 2/2
   631 | D:1      | Reached XP level 3. HP: 27/27 MP: 3/3
   957 | D:2      | Identified the +1 leather armour "Zegif" {Harm *Corrode
                  | rElec rN++ Regen+}
  1224 | D:3      | Found a faded altar of an unknown god.
  1236 | D:3      | Prayed at the altar of an unknown god.
  1236 | D:3      | Became a worshipper of Hepliaklqana the Forgotten
  1236 | D:3      | Reached * piety under Hepliaklqana
  1255 | D:3      | Reached XP level 4. HP: 18/30 MP: 4/4
  1330 | D:3      | Noticed a +0 falchion
  1334 | D:3      | Noticed a +0 dagger
  1341 | D:3      | Noticed a +0 spear
  1341 | D:3      | Noticed a +0 dagger
  1342 | D:3      | Noticed a +0 spear
  1343 | D:3      | Noticed a +0 short sword
  1343 | D:3      | Noticed a +0 short sword
  1343 | D:3      | Noticed a +0 falchion
  1386 | D:3      | Found a shadowy altar of Dithmenos.
  1439 | D:3      | Noticed Ijyb
  1457 | D:3      | HP: 1/30 [constriction (8)]
  1458 | D:3      | Slain by Ijyb

Illustrated notes

Levels and vault maps discovered:
D:1:      nagdon_arrival_zigzag_paths, layout_basic,
          hangedman_decor_clover_reticule, moated_statue, st_stairs_2
D:2:      layout_rooms
D:3:      layout_loops_ring, grunt_dithmenos_smoke_and_mirrors,
          nicolae_uskayaw_en_pointe, ebering_ecumenical_altar_rust, uniq_ijyb

Skill      XL: |  1  2  3 |
---------------+----------+-----
Fighting       | 2 |  2.7
Unarmed Combat | 4 |  4.1
Dodging        | |  2.6
Shapeshifting  | |  4.8

Action                     |  1- 3 |  4- 6 || total
---------------------------+-------+-------++-------
  Melee: Unarmed           |    99 |    36 ||   135
         Punch             |     3 |     1 ||     4
  Throw: Javelin           |       |     2 ||     2
   Stab: Sleeping          |     1 |       ||     1
 Armour: Animal skin       |    36 |       ||    36
         Leather armour    |    18 |    22 ||    40
  Dodge: Dodged            |    55 |    20 ||    75
